 Dungeon Crawl Stone Soup version 0.29-a0-723-gce39da1c22 (webtiles) character file.

Game seed: 4189091628557136433

25 crusatyr the Chopper (level 3, -3/31 HPs)
             Began as a Hill Orc Monk on June 28, 2022.
             Slain by a goblin
             ... wielding a +2 dagger of venom
             ... led by Robin
              (4 damage)
             ... on level 2 of the Dungeon.
             The game lasted 00:01:45 (1165 turns).

crusatyr the Chopper (Hill Orc Monk)                Turns: 1165, Time: 00:01:46

Health: -3/31      AC:  2    Str: 15    XL:     3   Next: 6%
Magic:  3/3        EV: 12    Int: 10    God:
Gold:   64         SH:  0    Dex: 13    Spells: 2/2 levels left

rFire   . . .      SeeInvis .   a - +0 hand axe
rCold   . . .      Faith    .   (no shield)
rNeg    . . .      Spirit   .   b - +0 robe
rPois   .          Reflect  .   (no helmet)
rElec   .          Harm     .   (no cloak)
rCorr   .          Rampage  .   (no gloves)
Will    .....                   (no boots)
Stlth   +.........              (no amulet)
HPRegen 0.10/turn               (no ring)
MPRegen 0.08/turn               (no ring)

@: confused, lethally poisoned (-3 -> -21), ambrosia-drunk
A: no striking features
a: no special abilities


You were on level 2 of the Dungeon.
You visited 1 branch of the dungeon, and saw 2 of its levels.

You collected 64 gold pieces.

Inventory:

Hand Weapons
 a - a +0 hand axe (weapon)
 f - a +0 vorpal mace
Armour
 b - a +0 robe (worn)
Jewellery
 k - an amulet of the acrobat
Scrolls
 d - a scroll of enchant armour {unknown}
 g - a scroll of teleportation {unknown}
 h - a scroll of fog {unknown}
 i - a scroll of vulnerability {unknown}
 j - a scroll of fear {unknown}
 l - a scroll of identify {unknown}


   Skills:
 - Level 3.6 Fighting
 + Level 5.5 Axes
 - Level 2.4 Dodging
 - Level 1.5 Stealth


You had 2 spell levels left.
You didn't know any spells.
Your spell library was empty.

Dungeon Overview and Level Annotations

Branches:
Dungeon (2/15)

Altars:

Annotations:
D:2 Robin


Message History

You hear a shout!
The goblin completely misses you.
You hit the goblin.
The goblin is heavily wounded.
The goblin hits you but does no damage.
You are poisoned.
Robin roars a battlecry!
The goblins go into a battle-frenzy!
The goblin hits you with a +2 dagger of venom.
You hear a shout!
You hit the goblin but do no damage.
The goblin is heavily wounded.
You feel sick.
The goblin hits you with a +2 dagger of venom.
You are more poisoned.
You completely miss the goblin.
The goblin is heavily wounded.
You feel very sick. The goblin closely misses you.
Robin roars a battlecry!
You barely miss the goblin.
The goblin is heavily wounded.
You feel sick.
The goblin hits you with a +2 dagger of venom.
You are more poisoned.
It was a potion of curing.
You feel better.
The goblin hits you with a +2 dagger of venom!
You are lethally poisoned!
The goblin attacks as you move away!
The goblin hits you with a +2 dagger of venom.
You are more poisoned.
* * * LOW HITPOINT WARNING * * *
You feel extremely sick.
The goblin shouts!
You are confused.
You feel invigorated.
* * * LOW HITPOINT WARNING * * *
You feel very sick.
The goblin hits you with a +2 dagger of venom.
You die... g.#### ... g....#. #gg

.......
#.#..#######
g....##
#...>.g....#.#
.....# # ####
#g......#
.....# #.#..
#g###.#.#
.....###.#.###
#g#
###........†.#
#g#
.####.#.#.#
#@#
.......<#.#
#.#
#####.#.#.#
#.# #.#.#.#
#.# #.#.#.#
#.# #.#.#.#
#.# #.#.#.#
#.#
#.#.#.###.#
#.#.#.....#


You could see Robin and 4 goblins.

Vanquished Creatures
  A dart slug (D:1)
  2 ball pythons (D:1)
  An endoplasm (D:1)
  4 goblins
  5 hobgoblins
  2 kobolds (D:1)
  A quokka (D:1)
  A bat (D:1)
  2 rats (D:1)
19 creatures vanquished.

Notes
Turn   | Place    | Note
-------+----------+-------------------------------------------
     0 | D:1      | crusatyr the Hill Orc Monk began the quest for the Orb.
     0 | D:1      | Reached XP level 1. HP: 19/19 MP: 1/1
   393 | D:1      | Reached XP level 2. HP: 26/26 MP: 2/2
   640 | D:1      | Reached skill level 5 in Axes
  1013 | D:2      | Noticed Robin
  1148 | D:2      | Reached XP level 3. HP: 31/31 MP: 3/3
  1165 | D:2      | HP: 1/31 [poisoned by a goblin]
  1165 | D:2      | Slain by a goblin

Illustrated notes

Levels and vault maps discovered:
D:1:      heliophobic_arrival_henge, layout_rooms, chequers_serial_rivers_marsh
D:2:      layout_basic, shapermc_ecumenical_altar_pompeii, uniq_robin,
          uniq_natasha

Skill      XL: |  1  2 |
---------------+-------+-----
Axes           | 5 |  5.5
Fighting       | |  3.6
Dodging        | |  2.4
Stealth        | |  1.5

Action                   || total
-------------------------++-------
Melee: Hand axe          ||    68
  Use: Potion            ||     2
 Stab: Sleeping          ||     1
Armor: Robe              ||    14
Dodge: Dodged            ||    37

Table legend: (Time is in decaauts)
 A = Elapsed time spent in this place.
 B = Non-inter-level travel time spent in this place.
 C = Inter-level travel time spent in this place.
 D = Time resting spent in this place.
 E = Time spent auto-exploring this place.
 F = Levels seen in this place.
 G = Mean time per level.
                   A        B        C        D        E       F      G
               +--------+--------+--------+--------+--------+-----+--------+
         Total |   1170 |   1159 |     11 |    204 |    688 |   2 |  585.0 |
       Dungeon |   1170 |   1159 |     11 |    204 |    688 |   2 |  585.0 |
               +--------+--------+--------+--------+--------+-----+--------+

Top non-repeatable levels by time:
     D:1: 1030 daAuts
     D:2: 139 daAuts
